 Dungeon Crawl Stone Soup version 0.25.0-45-g978344163c (webtiles) character file.

Game seed: 7536041312739702388

22 Descartes the Skirmisher (level 2, -2/16 HPs)
             Began as a Felid Wanderer on July 11, 2020.
             Slain by a hobgoblin
             ... wielding a +0 club
              (3 damage)
             ... on level 1 of the Dungeon.
             The game lasted 00:01:45 (954 turns).

Descartes the Skirmisher (Felid Wanderer)            Turns: 954, Time: 00:01:45

Health: -2/16      AC:  1    Str:  6    XL:     2   Next: 68%
Magic:  3/3        EV: 19    Int: 12    God:
Gold:   21         SH:  0    Dex: 18    Spells: 1/1 levels left
                                        Lives:  0   Deaths: 0

rFire    . . .     SeeInvis +     - Unarmed
rCold    . . .     Gourm    .   (shield unavailable)
rNeg     . . .     Faith    .   (armour unavailable)
rPois    .         Spirit   .   (helmet unavailable)
rElec    .         Reflect  .   (cloak unavailable)
rCorr    .         Harm     .   (gloves unavailable)
MR       .....                  (boots unavailable)
Stlth    +++.......             (no amulet)
HPRegen  0.05/turn              (no ring)
MPRegen  0.08/turn              (no ring)

@: quick
A: very small, no armour, no weapons or thrown items, stealth, claws 1, fangs 3,
see invisible, carnivore, speed 1, shaggy fur 1, slow metabolism 1, sharp paws
a: no special abilities


You were on level 1 of the Dungeon.
You were very full.

You visited 1 branch of the dungeon, and saw 1 of its levels.

You collected 21 gold pieces.

Inventory:

Missiles
 e - 38 stones
Scrolls
 f - 3 scrolls of identify {unknown}
 g - a scroll of teleportation {unknown}
 i - a scroll of remove curse {unknown}
Potions
 a - a potion of lignification
 b - a potion of curing
 d - a potion of invisibility {unknown}
 h - a potion of haste {unknown}
Comestibles
 c - 2 rations
 j - a chunk of flesh


   Skills:
 - Level 5.0 Fighting
 + Level 3.2 Dodging
 * Level 3.9 Stealth
 + Level 1.5 Unarmed Combat


You had one spell level left.
You didn't know any spells.
Your spell library was empty.

Dungeon Overview and Level Annotations

Branches:
Dungeon (1/15)

Altars:


Innate Abilities, Weirdness & Mutations

You cannot wear armour.
You are incapable of wielding weapons or throwing items.
Your paws allow you to move quietly. (Stealth)
You have sharp claws.
You have razor-sharp teeth.
You have supernaturally acute eyesight. (SInv)
You are carnivorous and can eat meat at any time.
You cover ground quickly.
You are covered in fur. (AC +1)
You have a slow metabolism.
Your sharp claws are effective at attacking unaware monsters.


Message History

You barely miss the hobgoblin.
The hobgoblin is severely wounded.
The hobgoblin hits you with a +0 club.
* * * LOW HITPOINT WARNING * * *
Unknown command.
You scratch the hobgoblin.
The hobgoblin is almost dead.
The hobgoblin hits you with a +0 club.
* * * LOW HITPOINT WARNING * * *
You scratch the kobold but do no damage.
You bite the kobold, but do no damage. The kobold barely misses you.
The hobgoblin closely misses you.
You closely miss the kobold. The kobold completely misses you.
The hobgoblin misses you.
You scratch the kobold but do no damage.
The kobold completely misses you. The hobgoblin barely misses you.
You scratch the kobold.
You kill the kobold!
The hobgoblin hits you with a +0 club.
You die...

.....####)....#.....#
......#..............
....#.#..###........#
.(......## #รท########
..##....####.#
####...##.#
#######...#.##.#
##...b##)#.#..#.. ...##
##.!..Kg@.#########....
#.....K####.......#...#
...#...K...+.>...>.+...#
#....####...?...#...#
#....# #########...#
#....# #.....[.#...###
...... +...<...'...##.
##....## #.......#......
#..### #########...##.


You could see a hobgoblin, a bat and 2 kobolds.

Vanquished Creatures
  2 leopard geckos (D:1)
  A giant cockroach (D:1)
  5 hobgoblins (D:1)
  4 bats (D:1)
  A frilled lizard (D:1)
  4 kobolds (D:1)
  A rat (D:1)
18 creatures vanquished.

Notes
Turn   | Place    | Note
-------+----------+-------------------------------------------
     0 | D:1      | Descartes the Felid Wanderer began the quest for the Orb.
     0 | D:1      | Descartes set off with the following items: a potion of
                  | lignification, a potion of curing, a ration
     0 | D:1      | Reached XP level 1. HP: 12/12 MP: 2/2
   604 | D:1      | Reached XP level 2. HP: 16/16 MP: 3/3
   954 | D:1      | Slain by a hobgoblin

Illustrated notes

Levels and vault maps discovered:
D:1:      minmay_arrival_up_and_down, layout_rooms, st_stairs_7, tso_metal_star

Skill      XL: |  1 |
---------------+----+-----
Stealth        | 3 |  3.9
Dodging        | 3 |  3.2
Fighting       | |  5.0
Unarmed Combat | |  1.5

Action                   || total
-------------------------++-------
Melee: Unarmed           ||    75
       Bite              ||     8
 Stab: Sleeping          ||     4
  Eat: Chunk             ||     7
Armor: Skin              ||     6
Dodge: Dodged            ||    73
